 Dungeon Crawl Stone Soup version 0.31-a0-145-g046c7d2549 (webtiles) character file.

Game seed: 8862471218138159679

3358 qw the Skirmisher (level 9, -12/79 HPs)
             Began as a Minotaur Hunter on June 7, 2023.
             Was a Believer of Okawaru.
             Killed from afar by Erica (15 damage)
             ... with a lance of force
             ... on level 8 of the Dungeon.
             The game lasted 00:02:42 (5597 turns).

qw the Skirmisher (Minotaur Hunter)                 Turns: 5597, Time: 00:02:42

Health: -12/79     AC: 17    Str: 15    XL:     9   Next: 73%
Magic:  9/11       EV: 22    Int:  6    God:    Okawaru [**....]
Gold:   318        SH:  0    Dex: 19    Spells: 8/8 levels left

rFire   . . .        Y - +3 shortbow
rCold   . . .        (shield currently unavailable)
rNeg    . . .        d - +0 ring mail
rPois   .            (helmet restricted)
rElec   .            k - +2 cloak
rCorr   +            a - +2 pair of gloves of Fortification {rCorr}
SInv    .            b - +2 pair of boots
Will    .....        (no amulet)
Stlth   +++          e - +5 ring of evasion
HPRegen 0.33/turn    (no ring)
MPRegen 0.12/turn

%: no passive effects
@: heroic
A: horns 2, retaliatory headbutt
a: Renounce Religion, Heroism


You were on level 8 of the Dungeon.
You worshipped Okawaru.
Okawaru was pleased with you.
You visited 1 branch of the dungeon, and saw 8 of its levels.

You collected 318 gold pieces.


Innate Abilities, Weirdness & Mutations

You have a pair of horns on your head.
You reflexively headbutt those who attack you in melee.


   Skills:
 - Level 7.4(12.4) Fighting
 - Level 12.1(17.1) Ranged Weapons
 + Level 3.7(8.7) Armour
 - Level 5.3(10.3) Dodging
 - Level 0.7(5.7) Stealth
 - Level 4.0 Invocations


You had 8 spell levels left.
You didn't know any spells.
Your spell library was empty.

Inventory:

Hand Weapons
 Y - a +3 shortbow (weapon)
Armour
 a - the +2 pair of gloves of Fortification (worn) {rCorr}
   (You acquired it on level 1 of the Dungeon)

   rCorr:     It protects you from acid and corrosion.
 b - a +2 pair of boots (worn)
 d - a +0 ring mail (worn)
 k - a +2 cloak (worn)
Jewellery
 e - a +5 ring of evasion (left hand)
 l - a ring of fire
 m - a ring of resist corrosion
Wands
 j - a wand of digging (3)
Scrolls
 f - a scroll of identify
Potions
 c - a potion of curing {unknown}
 g - a potion of mutation {unknown}
 h - a potion of enlightenment {unknown}

Dungeon Overview and Level Annotations

Branches:
Dungeon (8/15)             Temple (0/1) D:5
   Lair: D:8-11

Altars:
Dithmenos
Elyvilon
Gozag
Hepliaklqana
Kikubaaqudgha
Makhleb
Nemelex Xobeh
Okawaru
Trog
Uskayaw
Yredelemnul
The Shining One

Shops:
D:6 =

Annotations:
D:4 2 transporters, qw's ghost, amateur MiHu
D:8 Erica


Message History

You shoot an arrow. You shoot an arrow. Something hits you.
Something burns you.
You shoot an arrow. Something closely misses you.
You shoot an arrow. Something hits you but does no damage.
You shoot an arrow. Something hits you. Something burns you.
You shoot an arrow. Something completely misses you.
You shoot an arrow. Something closely misses you.
You shoot an arrow. Something hits you. Something burns you.
You shoot an arrow.
You hear some strange, mumbled words.
A lance of force appears from out of thin air!
The lance of force hits you!!
You are knocked back by the lance of force.
You slam into the rock wall!
You shoot an arrow. You shoot an arrow. Something hits you.
Something burns you.
You shoot an arrow. Something hits you. Something burns you.
You shoot an arrow. Something hits you but does no damage.
You shoot an arrow.
Erica appears from thin air!
Reactivating autopickup.
Erica points at you and mumbles some strange words.
The lance of force hits you!
You are knocked back by the lance of force.
You slam into the rock wall!
5597 ||| INVOKING Heroism.
You gain the combat prowess of a mighty hero.
Erica points at you and mumbles some strange words.
The lance of force hits you!
You die...

### .... #######
....#########...@.#
..........#...###@#
[...........### .#
.....)....### )#
.......)..# .#
.......)..# .#
.......)).###### [#
...........<...# .#
............##.#


You could see Erica.

Vanquished Creatures
  Pikel (D:6)
  Sigmund (D:2)
  5 yaks (D:5)
  Menkaure (D:7)
  An orc warrior (D:7)
  A water moccasin (D:7)
  An ice beast (D:4)
  4 black bears
  A kobold brigand (D:7)
  A phantom (D:6)
  2 bullfrogs
  A scorpion (D:6)
  2 howler monkeys
  A quasit (D:4)
  2 hounds
  3 jellies
  A gnoll bouda (D:7)
  3 orc priests
  6 orc wizards
  An iguana (D:5)
  Robin (D:2)
  7 gnolls
  6 adders
  2 shadow imps
  4 white imps
  4 ufetubi
  A worm (D:3)
  20 orcs
  15 ball pythons
  16 endoplasms
  7 giant cockroaches
  12 goblins
  11 hobgoblins
  13 jackals
  A quokka (D:1)
  5 bats
  3 frilled lizards
  9 kobolds
  4 rats
180 creatures vanquished.

Notes
Turn   | Place    | Note
-------+----------+-------------------------------------------
     0 | D:1      | qw the Minotaur Hunter began the quest for the Orb.
     0 | D:1      | Reached XP level 1. HP: 18/18 MP: 0/0
     0 | D:1      | 0 ||| qw: Version: 0.2-a-117-gc6b5c8b
     0 | D:1      | 0 ||| qw: Game counter: 2435
     0 | D:1      | 0 ||| qw: Always use a shield: true
     0 | D:1      | 0 ||| qw: God list: Okawaru
     0 | D:1      | 0 ||| qw: Allow faded altars: false
     0 | D:1      | 0 ||| qw: Do Orc after D:15 true
     0 | D:1      | 0 ||| qw: Do second Lair branch before Depths: true
     0 | D:1      | 0 ||| qw: Lair rune preference: random
     0 | D:1      | 0 ||| qw: Plans: Normal
     0 | D:1      | 0 ||| PLANNING D:1-11
   167 | D:1      | Reached XP level 2. HP: 25/25 MP: 1/1
   197 | D:1      | Reached skill level 5 in Ranged Weapons
   455 | D:1      | Reached skill level 3 in Fighting
   659 | D:1      | Found a shadowy altar of Dithmenos.
   667 | D:1      | 667 ||| UPGRADING to +5 ring of evasion.
   668 | D:1      | 668 ||| READING scroll labelled BAEM HOMEN.
   668 | D:1      | Identified a scroll of acquirement
   668 | D:1      | 668 ||| ACQUIRING +2 pair of gloves of Fortification
                  | {rCorr}
   668 | D:1      | Acquired the +2 pair of gloves of Fortification {rCorr}
   670 | D:1      | 670 ||| UPGRADING to +2 pair of gloves of Fortification
                  | {rCorr}.
   675 | D:1      | 675 ||| DROPPING scroll of butterflies.
   818 | D:2      | Reached XP level 3. HP: 31/31 MP: 2/2
   912 | D:2      | Noticed Sigmund
   914 | D:2      | 914 ||| FLEEEEING.
   942 | D:2      | 942 ||| FLEEEEING.
   943 | D:2      | 943 ||| FLEEEEING.
   944 | D:2      | HP: 4/31 [something (9)]
   947 | D:2      | Killed Sigmund
   948 | D:2      | Reached skill level 7 in Ranged Weapons
   948 | D:2      | Reached XP level 4. HP: 4/38 MP: 3/3
   948 | D:2      | Reached XP level 5. HP: 4/45 MP: 4/4
  1144 | D:2      | Reached skill level 1 in Armour
  1144 | D:2      | 1144 ||| FLEEEEING.
  1145 | D:2      | 1145 ||| FLEEEEING.
  1146 | D:2      | 1146 ||| FLEEEEING.
  1147 | D:2      | 1147 ||| FLEEEEING.
  1154 | D:2      | 1154 ||| FLEEEEING.
  1477 | D:2      | Noticed Robin
  1483 | D:2      | Killed Robin
  1763 | D:2      | 1763 ||| UPGRADING to +0 pair of boots.
  1768 | D:2      | 1768 ||| UPGRADING to +0 ring mail.
  1778 | D:2      | 1778 ||| DROPPING +0 leather armour.
  1779 | D:2      | 1779 ||| READING 2 scrolls labelled DOFREXABIU.
  1780 | D:2      | 1780 ||| READING scroll labelled PEBRAXK FAYTH.
  1781 | D:2      | 1781 ||| READING scroll labelled IMUEG KIXA GYMP.
  1782 | D:2      | 1782 ||| DROPPING scroll of fear.
  1921 | D:3      | Reached XP level 6. HP: 52/52 MP: 5/5
  2328 | D:3      | Found a hide-covered altar of Uskayaw.
  2329 | D:3      | Found a sparkling altar of Nemelex Xobeh.
  2331 | D:3      | Found an ancient bone altar of Kikubaaqudgha.
  2331 | D:3      | Found an iron altar of Okawaru.
  2332 | D:3      | 2332 ||| PLANNING OKAWARU WORSHIP
  2332 | D:3      | 2332 ||| READING scroll labelled GIGIUS WESCH.
  2333 | D:3      | 2333 ||| DRINKING 2 emerald potions.
  2334 | D:3      | 2334 ||| DROPPING potion of brilliance.
  2338 | D:3      | Became a worshipper of Warmaster Okawaru
  2338 | D:3      | 2338 ||| PLANNING D:1-11
  2551 | D:4      | Reached skill level 8 in Ranged Weapons
  2586 | D:4      | Reached XP level 7. HP: 54/61 MP: 6/6
  2699 | D:4      | Reached * piety under Okawaru
  2700 | D:4      | Reached skill level 3 in Dodging
  2830 | D:4      | 2830 ||| Stepping ~*~*~tactically~*~*~ (outnumbered).
  2914 | D:4      | 2914 ||| INVOKING Heroism.
  2937 | D:4      | 2937 ||| READING scroll of enchant weapon.
  2937 | D:4      | 2937 ||| ENCHANTING +1 shortbow.
  3044 | D:4      | Found a hazy altar of Hepliaklqana.
  3072 | D:4      | Reached skill level 1 in Invocations
  3203 | D:4      | Found a transporter.
  3211 | D:4      | Found a transporter.
  3213 | D:4      | Found a bloodstained altar of Trog.
  3245 | D:4      | 3245 ||| INVOKING Heroism.
  3287 | D:4      | Noticed qw's ghost (amateur MiHu)
  3302 | D:4      | Found an opulent altar of Gozag.
  3346 | D:4      | 3346 ||| READING scroll labelled DEUSOE SE CIL.
  3347 | D:4      | 3347 ||| READING 4 scrolls labelled JEDECHEGHA.
  3348 | D:4      | 3348 ||| READING 3 scrolls of enchant armour.
  3348 | D:4      | 3348 ||| ENCHANTING +0 pair of boots.
  3349 | D:4      | 3349 ||| READING 2 scrolls of enchant armour.
  3349 | D:4      | 3349 ||| ENCHANTING +1 pair of boots.
  3350 | D:4      | 3350 ||| READING scroll labelled REUDGH WAZXEKY.
  3352 | D:4      | 3352 ||| Stepping ~*~*~tactically~*~*~ (cloud).
  3432 | D:5      | Entered Level 5 of the Dungeon
  3435 | D:5      | 3435 ||| INVOKING Heroism.
  3444 | D:5      | Reached skill level 9 in Ranged Weapons
  3501 | D:5      | Reached XP level 8. HP: 68/68 MP: 8/8
  3666 | D:5      | 3666 ||| INVOKING Heroism.
  3668 | D:5      | Reached skill level 6 in Fighting
  3668 | D:5      | Reached skill level 3 in Invocations
  3685 | D:5      | Reached ** piety under Okawaru
  3686 | D:5      | 3686 ||| INVOKING Heroism.
  3688 | D:5      | Reached skill level 10 in Ranged Weapons
  3864 | D:5      | Found a staircase to the Ecumenical Temple.
  3937 | D:5      | 3937 ||| INVOKING Heroism.
  3940 | D:5      | Reached skill level 3 in Armour
  3984 | D:5      | 3984 ||| INVOKING Heroism.
  4135 | D:5      | 4135 ||| READING scroll labelled NUSEKL RADWUTOB.
  4198 | D:6      | Found Faexkamuym's Jewellery Boutique.
  4205 | D:6      | Reached XP level 9. HP: 79/79 MP: 11/11
  4219 | D:6      | 4219 ||| SHOPLISTING amulet "Inuguh" {Reflect rN+ SH+5
                  | Stlth+} (572 gold, have 220).
  4219 | D:6      | 4219 ||| SHOPLISTING amulet of faith (520 gold, have 220).
  4219 | D:6      | 4219 ||| SHOPLISTING ring of poison resistance (260 gold,
                  | have 220).
  4219 | D:6      | 4219 ||| SHOPLISTING ring of resist corrosion (260 gold,
                  | have 220).
  4219 | D:6      | 4219 ||| SHOPLISTING ring of willpower (325 gold, have
                  | 220).
  4307 | D:6      | Found a white marble altar of Elyvilon.
  4407 | D:6      | Found a burning altar of Makhleb.
  4418 | D:6      | Noticed Pikel
  4419 | D:6      | 4419 ||| INVOKING Heroism.
  4431 | D:6      | Killed Pikel
  4432 | D:6      | Reached skill level 11 in Ranged Weapons
  4565 | D:6      | Identified the +4 mace of Uvaxtoss {flame, Str+5}
  4761 | D:6      | 4761 ||| READING scroll labelled DAKKUCWAFA.
  4762 | D:6      | 4762 ||| READING scroll labelled MEPYXU RUEG.
  4836 | D:7      | 4836 ||| INVOKING Heroism.
  4864 | D:7      | Noticed Menkaure
  4865 | D:7      | 4865 ||| INVOKING Heroism.
  4874 | D:7      | Killed Menkaure
  4927 | D:7      | 4927 ||| INVOKING Heroism.
  4973 | D:7      | Found a glowing golden altar of the Shining One.
  5087 | D:7      | 5087 ||| Stepping ~*~*~tactically~*~*~ (outnumbered).
  5089 | D:7      | 5089 ||| Stepping ~*~*~tactically~*~*~ (outnumbered).
  5163 | D:7      | 5163 ||| INVOKING Heroism.
  5175 | D:7      | Reached skill level 12 in Ranged Weapons
  5185 | D:7      | 5185 ||| READING scroll of enchant weapon.
  5185 | D:7      | 5185 ||| ENCHANTING +2 shortbow.
  5248 | D:7      | 5248 ||| INVOKING Heroism.
  5267 | D:7      | Found a basalt altar of Yredelemnul.
  5303 | D:7      | 5303 ||| INVOKING Heroism.
  5526 | D:7      | 5526 ||| UPGRADING to +0 cloak.
  5531 | D:7      | 5531 ||| DROPPING scarf of shadows.
  5532 | D:7      | 5532 ||| READING 2 scrolls of enchant armour.
  5532 | D:7      | 5532 ||| ENCHANTING +0 cloak.
  5533 | D:7      | 5533 ||| READING scroll of enchant armour.
  5533 | D:7      | 5533 ||| ENCHANTING +1 cloak.
  5572 | D:8      | Noticed Erica
  5596 | D:8      | HP: 18/79 [Erica/lance of force (10)]
  5596 | D:8      | HP: 3/79 [rock wall collision (15)]
  5597 | D:8      | 5597 ||| INVOKING Heroism.
  5597 | D:8      | Killed from afar by Erica

Levels and vault maps discovered:
D:1:      dpeg_arrival_water_altar, layout_rooms
D:2:      cheibrodos_helix_gallery, layout_basic, serial_bayou_ford_a,
          grunt_decor_resistance, uniq_robin, uniq_sigmund
D:3:      layout_basic, mainiacjoe_overflow_alcove_3
D:4:      layout_basic, mainiacjoe_overflow_brackets,
          mainiacjoe_overflow_boulevard, grunt_gozag_statues, serial_demonic,
          serial_demonic_c, serial_demonic_d, serial_demonic_d,
          serial_demonic_e, gammafunk_ghost_gnarly_gnolls
D:5:      layout_loops_cross, minmay_temple_entry_statues_pillars
D:6:      layout_loops_ring, lightli_temple_of_fire, elyvilon_altar_5,
          serial_shops, nicolae_shop_hallway_plus, uniq_pikel
D:7:      layout_rooms, mainiacjoe_overflow_concentric_impassable,
          mainiacjoe_overflow_24_doors, uniq_menkaure
D:8:      minmay_angry_zag, layout_rooms, uniq_erica

Skill      XL: |  1  2  3  4  5  6  7  8  9 |
---------------+----------------------------+-----
Ranged Weapons | 5 7 8 9 10 12 | 12.1
Fighting       | 3 5 7 |  7.4
Armour         | 1 2 3 |  3.7
Dodging        | 3 5 |  5.3
Invocations    | 2 4 |  4.0
Stealth        | |  0.7

Action                     |  1- 3 |  4- 6 |  7- 9 || total
---------------------------+-------+-------+-------++-------
   Fire: Shortbow          |   109 |   168 |   370 ||   647
 Invoke: Heroism           |       |       |    15 ||    15
    Use: Scroll            |     1 |     4 |    12 ||    17
         Potion            |       |     1 |       ||     1
 Armour: Leather armour    |     8 |     3 |       ||    11
         Ring mail         |       |    19 |    60 ||    79
  Dodge: Dodged            |    53 |    51 |   153 ||   257

Table legend:
 A = Non-vault XP
 B = Vault XP
 C = Vault XP percentage of total XP
 D = Non-vault monster count
 E = Vault monster count
 F = Vault count percentage of total count
                 A         B        C        D         E       F
            +---------+---------+-------+---------+---------+-------
      Total |    3613 |    1185 |  24.7 |     160 |      20 |  11.1
            +---------+---------+-------+---------+---------+-------
        D:1 |      35 |       0 |   0.0 |      20 |       0 |   0.0
        D:2 |      52 |     280 |  84.3 |      24 |      11 |  31.4
        D:3 |     128 |       0 |   0.0 |      34 |       0 |   0.0
        D:4 |     659 |     101 |  13.3 |      27 |       7 |  20.6
        D:5 |    1511 |       0 |   0.0 |      20 |       0 |   0.0
        D:6 |     281 |     629 |  69.1 |       7 |       1 |  12.5
        D:7 |     896 |     175 |  16.3 |      22 |       1 |   4.3
        D:8 |      51 |       0 |   0.0 |       6 |       0 |   0.0
            +---------+---------+-------+---------+---------+-------
